 Dungeon Crawl Stone Soup version 0.14.1-23-g35e4e54 (webtiles) character file.

441 Kassandra the Transmogrifier (level 6, 0/43 HPs)
             Began as a Merfolk Transmuter on June 15, 2014.
             Was a Follower of Ashenzari.
             Succumbed to a worker ant's poison
             ... on Level 4 of the Dungeon.
             The game lasted 00:20:48 (5854 turns).

Kassandra the Transmogrifier (Merfolk Transmuter)   Turns: 5854, Time: 00:20:48

HP   0/43        AC  2     Str 10      XL: 6   Next: 20%
MP   7/10        EV 21     Int 15      God: Ashenzari [*.....]
Gold 175         SH  0     Dex 19      Spells:  2 memorised,  5 levels left

rFire  . . .     SeeInvis .       - Unarmed
rCold  . . .     Clarity  .     c - melded +0 robe (curse)
rNeg   . . .     Conserve .     (shield currently unavailable)
rPois  x         rCorr    .     (helmet currently unavailable)
rElec  .         rRot     .     (cloak currently unavailable)
SustAb . .       Spirit   .     (gloves currently unavailable)
rMut   .         Warding  .     s - melded +0 pair of boots (curse)
Saprov . . .     Stasis   .     (no amulet)
MR     .....                    (no ring)
                                (no ring)

@: spider-form, lethally poisoned, quick, not resistant to hostile enchantments,
unstealthy
A: (change form in water), (swift swim)
a: End Transformation, Renounce Religion


You were on level 4 of the Dungeon.
You worshipped Ashenzari.
Ashenzari was aware of your devotion.
You were near starving.
You were in spider-form.
You visited 1 branch of the dungeon, and saw 4 of its levels.

You collected 175 gold pieces.

Inventory:

Missiles
 b - 12 arrows
 l - 50 poisoned needles
Armour
 c - a cursed +0 robe (melded)
 s - a cursed +0 pair of boots (melded)
Comestibles
 a - 3 bread rations
 f - a cheese
 k - a pear
 p - a rotting chunk of worker ant flesh
Scrolls
 e - 3 scrolls of enchant weapon I {unknown}
 g - 4 scrolls of identify {unknown}
 h - 2 scrolls of immolation {unknown}
 i - 2 scrolls of fog {unknown}
 j - a scroll of remove curse
 v - a scroll of curse weapon
Jewellery
 q - an uncursed ring of see invisible {unknown}
Potions
 m - a potion of invisibility {unknown}
 n - a potion of curing
 r - a potion of beneficial mutation {unknown}
Books
 d - a book of Changes

   Spells                             Type                      Level
   *Beastly Appendage                 Transmutation                1
   Sticks to Snakes                   Transmutation                2
   *Spider Form                       Transmutation/Poison         3
   Ice Form                           Ice/Transmutation            4
   Blade Hands                        Transmutation                5
 o - a book of the Warp

   Spells                             Type                      Level
   Control Teleport                   Charms/Translocation         4
   Phase Shift                        Translocation                5
   Warp Weapon                        Charms/Translocation         5
   Summon Forest                      Summoning/Translocation      5
   Dispersal                          Translocation                6
   Controlled Blink                   Translocation                7
   Disjunction                        Translocation                8


   Skills:
 - Level 1.1 Fighting
 - Level 2.6 Dodging
 + Level 3.7 Unarmed Combat
 - Level 2.0 Spellcasting
 - Level 8.0 Transmutations
 - Level 0.2 Poison Magic


You had 5 spell levels left.
You knew the following spells:

 Your Spells              Type           Power        Failure   Level  Hunger
a - Beastly Appendage     Trmt           ####..       4%          1    #......
b - Spider Form           Trmt/Pois      ##........   32%         3    ####...


Dungeon Overview and Level Annotations

Branches:
Dungeon (4/15)
 Temple: D:4-7

Altars:
Ashenzari
Kikubaaqudgha
Makhleb
Yredelemnul

Shops:
D:4 [


Message History

You are poisoned.
The worker ant poisons you!
Casting: Beastly Appendage
Confirm with . or Enter, or press ? or * to list all spells.
Your horns disappear.
You turn into a venomous arachnid creature.
Your cursed +0 pair of boots melds into your body.
Your cursed +0 robe melds into your body.
You are near starving!
* * * LOW HITPOINT WARNING * * *
You feel sick. The worker ant bites you.
* * * LOW HITPOINT WARNING * * *
The worker ant barely misses you. The worker ant completely misses you.
* * * LOW HITPOINT WARNING * * *
You feel sick.
* * * LOW HITPOINT WARNING * * *
You feel sick.
There is a stone staircase leading down here.
You die...

#.....#*,,,.,,,,,*
#.#####**##...**,** #.#
#...,,,>,**** #.# #...,,,,,,,,*
#.# #..,,,,,,**,****** #####.#
#....**,,,,,,,,,,, #.....#
#.#.#**,,**,,,,,** #.#####
#.#.# *,,#*,**,,** #.# #s#.#
*,.#*,**,,** #.# #.#.#
*#.#*,**,,,, #.#
#a#.#*#..**,,,,,,, #.#
#>#.##.#,,,,,,,,,, #.#
#.#.#.#****,*,,*** #.# #....##
**,,,*** #.# #.###.#* **,*,,,,,
#.############.##*#.#**,***,***
#..........(....# *#.#,** *,*


You could see a worker ant.

Vanquished Creatures
  A giant goldfish zombie (D:3)
  A hound (D:3)
  A worker ant (D:4)
  7 adders
  3 worms (D:2)
  3 giant geckos
  3 oozes
  An orc (D:3)
  4 ball pythons
  4 bats
  A bat zombie (D:3)
  10 hobgoblins
  7 jackals (D:1)
  11 kobolds
  3 giant cockroaches
  2 giant newts
  6 goblins
  2 quokkas
  8 rats
  3 rat zombies (D:3)
81 creatures vanquished.

Notes
Turn   | Place    | Note
--------------------------------------------------------------
     0 | D:1      | Kassandra, the Merfolk Transmuter, began the quest for the Orb.
     0 | D:1      | Reached XP level 1. HP: 15/15 MP: 3/3
   108 | D:1      | Reached XP level 2. HP: 12/21 MP: 2/4
   112 | D:1      | HP: 1/21 [bat (1)]
   472 | D:1      | Reached skill level 4 in Transmutations
   488 | D:1      | Found a shattered altar of Ashenzari.
   533 | D:1      | Became a worshipper of Ashenzari the Shackled
   589 | D:1      | Reached XP level 3. HP: 21/26 MP: 6/6
   754 | D:1      | Learned a level 3 spell: Spider Form
   860 | D:1      | HP: 1/26 [poisoned by a kobold]
  1708 | D:2      | Reached skill level 5 in Transmutations
  1725 | D:2      | Reached XP level 4. HP: 16/32 MP: 7/7
  2884 | D:2      | Reached skill level 6 in Transmutations
  3863 | D:3      | Reached XP level 5. HP: 28/37 MP: 9/9
  4079 | D:3      | Found a basalt altar of Yredelemnul.
  4305 | D:3      | Reached skill level 7 in Transmutations
  4472 | D:3      | Found a burning altar of Makhleb.
  4869 | D:3      | Reached skill level 8 in Transmutations
  4869 | D:3      | Reached XP level 6. HP: 25/43 MP: 10/10
  5136 | D:3      | Found an ancient bone altar of Kikubaaqudgha.
  5259 | D:4      | Found Muasun's Armour Shop.
  5498 | D:4      | HP: 1/43 [worker ant (8)]
  5849 | D:4      | HP: 2/43 [poisoned by a worker ant]
  5854 | D:4      | Succumbed to a worker ant's poison

Action                   |  1- 3 |  4- 6 || total
-------------------------+-------+-------++-------
Melee: Unarmed           |   132 |   294 ||   426
 Cast: Beastly Appendage |     8 |    13 ||    21
       Spider Form       |       |     3 ||     3
  Use: Potion            |     1 |     6 ||     7
       Scroll            |       |     4 ||     4
